 Dungeon Crawl Stone Soup version 0.22-a0-348-gd16d139 (webtiles) character file.

118 Thalamas the Skirmisher (level 5, -2/33 HPs)
             Began as a Gargoyle Fighter on Apr 9, 2018.
             Slain by Ijyb
             ... wielding a +0 club
              (3 damage)
             ... on level 3 of the Dungeon.
             The game lasted 00:04:05 (2523 turns).

Thalamas the Skirmisher (Gargoyle Fighter)          Turns: 2523, Time: 00:04:05

Health: -2/33      AC: 11    Str: 24 (26) XL:     5   Next: 2%
Magic:  5/5        EV:  7    Int:  7 (8)  God:
Gold:   99         SH:  9    Dex:  7 (9)  Spells: 4/4 levels left

rFire    . . .     SeeInvis .   a - +0 flail
rCold    . . .     Gourm    .   c - +0 shield
rNeg     + . .     Faith    .   b - +0 scale mail
rPois    ∞         Spirit   .   (no helmet)
rElec    +         Reflect  .   (no cloak)
rCorr    .         Harm     .   (no gloves)
MR       +....                  (no boots)
Stlth    ..........             o - amulet of inaccuracy (curse)
HPRegen  0.11/turn              i - ring of protection from magic
MPRegen  0.09/turn              (no ring)

@: mighty
A: negative energy resistance 1, electricity resistance, unbreathing,
petrification resistance, rot immunity, AC +4
a: no special abilities


You were on level 3 of the Dungeon.
You were not hungry.

You visited 1 branch of the dungeon, and saw 3 of its levels.

You collected 99 gold pieces.

Inventory:

Hand Weapons
 a - a +0 flail (weapon)
Missiles
 h - 3 exploding tomahawks (quivered)
Armour
 b - a +0 scale mail (worn)
 c - a +0 shield (worn)
Jewellery
 i - a ring of protection from magic (left hand)
 o - a cursed amulet of inaccuracy (around neck)
Scrolls
 e - 3 scrolls of magic mapping
 g - a scroll of teleportation {unknown}
 j - a scroll of fear {unknown}
 k - 2 scrolls of identify
Potions
 d - 2 potions of might
Comestibles
 f - 3 rations


   Skills:
 + Level 4.2 Fighting
 + Level 3.0 Maces & Flails
 + Level 4.1 Armour
 + Level 4.1 Shields


You had 4 spell levels left.
You didn't know any spells.

Dungeon Overview and Level Annotations

Branches:
Dungeon (3/15)

Altars:
Uskayaw

Annotations:
D:3 Ijyb


Innate Abilities, Weirdness & Mutations

You are resistant to torment.
Your stone body is resilient. (AC +4)
You are immune to poison.
You resist negative energy. (rN+)
You are resistant to electric shocks. (rElec)
You can survive without breathing.
You are immune to petrification.
You are immune to rotting.


Message History

* * * LOW HITPOINT WARNING * * *
You block Ijyb's attack.
You thump Ijyb!
Ijyb is almost dead.
The goblin hits you but does no damage.
Ijyb zaps a wand.
You are blasted!
* * * LOW HITPOINT WARNING * * *
You barely miss Ijyb.
Ijyb is almost dead.
The goblin closely misses you. Ijyb hits you but does no damage.
The goblin hits you but does no damage.
You barely miss Ijyb.
Ijyb is almost dead.
You block Ijyb's attack. The goblin hits you.
* * * LOW HITPOINT WARNING * * *
You closely miss Ijyb.
Ijyb is almost dead.
Ijyb hits you with a club.
* * * LOW HITPOINT WARNING * * *
The goblin barely misses you. Ijyb hits you with a club.
You die...

#.##.### #.##.#..
#.##.#.# #.##<#.#
#################.##.#.#
.......................>
######.#########......#
#g# ######## #@# #g#


#oK #..# #..# #..# #... #... You could see Ijyb, an orc, a goblin and a kobold.

Vanquished Creatures
  2 adders (D:2)
  4 gnolls
  3 worms (D:2)
  A dart slug (D:1)
  A leopard gecko (D:1)
  6 bats
  A giant cockroach (D:1)
  8 goblins
  5 hobgoblins
  6 jackals
  A quokka (D:2)
  2 frilled lizards (D:1)
  4 kobolds (D:1)
  4 rats
48 creatures vanquished.

Notes
Turn   | Place    | Note
-------+----------+-------------------------------------------
     0 | D:1      | Thalamas the Gargoyle Fighter began the quest for the Orb.
     0 | D:1      | Reached XP level 1. HP: 14/14 MP: 1/1
   360 | D:1      | Reached XP level 2. HP: 19/19 MP: 2/2
   674 | D:1      | Reached XP level 3. HP: 23/23 MP: 3/3
   923 | D:2      | Found a hide-covered altar of Uskayaw.
  1532 | D:2      | Reached XP level 4. HP: 24/29 MP: 4/4
  2351 | D:3      | Noticed Ijyb
  2386 | D:3      | Reached XP level 5. HP: 32/33 MP: 5/5
  2523 | D:3      | HP: 1/33 [Ijyb/club (1)]
  2523 | D:3      | Slain by Ijyb

Vault maps used:
D:1:      minmay_arrival_checkered_box
D:2:      nicolae_overflow_crystal_walls, first_ration
D:3:      minmay_bisected, uniq_ijyb

Skill      XL: |  1  2  3  4  5 |
---------------+----------------+-----
Fighting       | 4 |  4.2
Armour         | 4 |  4.1
Shields        | 4 |  4.1
Maces & Flails | 3 |  3.0

Action                   |  1- 3 |  4- 6 || total
-------------------------+-------+-------++-------
Melee: Flail             |   198 |   209 ||   407
  Use: Scroll            |     3 |       ||     3
       Potion            |       |     3 ||     3
  Eat: Chunk             |     2 |     1 ||     3
       Ration            |       |     1 ||     1
Armor: Scale mail        |    92 |   127 ||   219
Dodge: Dodged            |    77 |    67 ||   144
Block: Shield            |   130 |   135 ||   265

Table legend:
 A = Spawn XP
 B = Non-spawn XP
 C = Spawn XP percentage of total XP
 D = Spawn monster count
 E = Non-spawn monster count
 F = Spawn count percentage of total count
 G = Total turns spent on level
                    A         B        C        D         E        F      G
               +---------+---------+-------+---------+---------+-------+---------
         Total |       0 |     169 |   0.0 |       0 |      48 |   0.0 |  2523
               +---------+---------+-------+---------+---------+-------+---------
           D:1 |       0 |      44 |   0.0 |       0 |      26 |   0.0 |   922
           D:2 |       0 |     100 |   0.0 |       0 |      15 |   0.0 |  1370
           D:3 |       0 |      25 |   0.0 |       0 |       7 |   0.0 |   231
               +---------+---------+-------+---------+---------+-------+---------
